Panthers vs Ducks

Created - November 12, 2016 at 10:43

Goals
1 2 3 T
Panthers 0 1 1 2
Ducks 0 1 0 1
Shots
1 2 3 T
Panthers 9 16 5 30
Ducks 9 9 15 33

1st period

No Goal

Penalties :
Erik Johnson (ANA) for Hooking (Minor) at 8:06

2nd period

1. Panthers , Patrick Kane 6 (Artem Anisimov, Alexey Marchenko) at 0:14
2. Ducks , Bobby Ryan 5 (Erik Johnson, Mark Scheifele) at 13:03

Penalties :
Brandon Dubinsky (ANA) for Slashing (Minor) at 6:24, Travis Hamonic (ANA) for Hooking (Minor) at 16:41

3rd period

3. Panthers , Pavel Datsyuk 7 (Joe Thornton, Vladimir Tarasenko) at 19:06 (PP)

Penalties :
Brandon Dubinsky (ANA) for Roughing (Minor) at 17:10

Goalie Stats

Marc-Andre Fleury (FLA), 32 saves from 33 shots - (0.970), W, 11-3-1, 60:00 minutes
Semyon Varlamov (ANA), 28 saves from 30 shots - (0.933), L, 7-5-3, 59:54 minutes

Players Stats for Panthers

Player Name              G  A  P  +/- PIM S  H  SB GA TA FO     MP     PP MP  PK MP  
------------------------------------------------------------------------------------
Alexey Marchenko         0  1  1   0  0   0  0  0  0  0  0/0    12:05   0:00   0:00 
Artem Anisimov           0  1  1   1  0   2  0  0  0  0  17/28  19:52   0:00   0:00 
Danny DeKeyser           0  0  0   0  0   1  1  2  0  0  0/0    22:11   3:27   0:00 
Jacob Trouba             0  0  0  -1  0   0  2  1  0  0  0/0    15:51   4:26   0:00 
Joakim Nordstrom         0  0  0   0  0   3  0  0  0  0  1/1    11:05   0:00   0:00 
Joe Thornton             0  1  1  -1  0   3  0  0  0  0  12/21  20:08   3:59   0:00 
Jori Lehtera             0  0  0   0  0   1  0  1  0  0  13/24  14:06   3:54   0:00 
Justin Braun             0  0  0   1  0   1  3  0  0  0  0/0    25:25   3:27   0:00 
Nikolaj Ehlers           0  0  0   1  0   2  0  0  0  0  1/3    23:46   3:54   0:00 
Patrick Kane             1  0  1   1  0   7  0  0  0  0  0/1    23:46   3:54   0:00 
Pavel Datsyuk            1  0  1  -1  0   2  3  0  0  0  3/4    21:01   3:59   0:00 
Pierre-Edouard Bellemare 0  0  0   0  0   2  0  0  0  0  2/4     5:54   0:00   0:00 
Riley Nash               0  0  0   0  0   2  0  0  0  0  0/0     5:01   0:00   0:00 
Ryan Carter              0  0  0   0  0   0  2  0  0  0  0/0     5:01   0:00   0:00 
T.J. Brodie              0  0  0   0  0   0  1  2  0  0  0/0    25:44   4:26   0:00 
Tomas Hertl              0  0  0   0  0   2  1  0  0  0  0/0    10:12   0:00   0:00 
Trevor van Riemsdyk      0  0  0   0  0   0  1  0  0  0  0/0    18:44   0:00   0:00 
Vladimir Tarasenko       0  1  1  -1  0   2  0  0  0  0  0/0    20:08   3:59   0:00 

Players Stats for Ducks

Player Name              G  A  P  +/- PIM S  H  SB GA TA FO     MP     PP MP  PK MP  
------------------------------------------------------------------------------------
Aaron Ekblad             0  0  0   0  0   1  0  0  0  0  0/0    20:04   0:00   0:50 
Andrei Markov            0  0  0   0  0   1  1  3  0  0  0/0    23:54   0:00   3:44 
Bobby Ryan               1  0  1   0  0   1  0  0  0  0  0/2    15:48   0:00   0:00 
Boone Jenner             0  0  0   0  0   2  3  0  0  0  0/2    17:01   0:00   0:40 
Brandon Dubinsky         0  0  0   0  4   7  5  0  0  0  0/0    17:23   0:00   1:37 
Claude Giroux            0  0  0   0  0   1  0  1  0  0  7/23   17:59   0:00   1:31 
Colton Parayko           0  0  0   0  0   0  0  2  0  0  0/0    15:00   0:00   1:24 
Eric Nystrom             0  0  0   0  0   3  0  0  0  0  0/1    16:21   0:00   0:00 
Erik Johnson             0  1  1   0  2   1  3  1  0  0  0/0    21:49   0:00   2:33 
Jordan Staal             0  0  0   0  0   2  1  0  0  0  14/28  20:26   0:00   4:05 
Mark Scheifele           0  1  1   0  0   3  0  0  0  0  13/22  18:56   0:00   3:08 
Mike Richards            0  0  0   0  0   0  1  0  0  0  3/7     8:15   0:00   4:45 
Mikhail Grigorenko       0  0  0   0  0   2  0  0  0  0  0/0     3:30   0:00   0:00 
Phil Kessel              0  0  0   0  0   3  0  0  0  0  0/1    16:28   0:00   0:00 
Roman Polak              0  0  0   0  0   1  2  0  0  0  0/0    17:45   0:00   4:09 
Travis Hamonic           0  0  0   0  2   1  3  7  0  0  0/0    21:26   0:00   3:06 
Tyler Randell            0  0  0   0  0   0  0  0  0  0  0/0     3:30   0:00   0:00 
Wayne Simmonds           0  0  0   0  0   4  1  0  0  0  0/0    16:28   0:00   0:00 

3 Stars

1 - Marc-Andre Fleury (FLA)
2 - Patrick Kane (FLA)
3 - Pavel Datsyuk (FLA)

Power Play

Panthers - 1 on 4 Attempt(s) - 25.00%
Ducks - 0 on 0 Attempt(s) - 0.00%

Penalty Kill

Panthers - 0 on 0 Attempt(s) - 0.00% - Score 0 goal in Penalty Kill
Ducks - 3 on 4 Attempt(s) - 75.00% - Score 0 goal in Penalty Kill

Team Stat

Panthers - Hits : 14 - Faceoff Wins : 49 - Blocked Shots : 6 - Penalty Minutes : 0
Ducks - Hits : 20 - Faceoff Wins : 37 - Blocked Shots : 14 - Penalty Minutes : 8

Official

Referees : Francis Charron and Jon Mclsaac
Linesman : Greg Devorski and Jonny Murray

Game Notes

No Game Note

Finance

Level 1 -- Attendance: 6475 (99.62%) -- Ticket Income $712,250
Level 2 -- Attendance: 5000 (100.00%) -- Ticket Income $375,000
Level 3 -- Attendance: 2600 (100.00%) -- Ticket Income $145,600
Level 4 -- Attendance: 2074 (100.00%) -- Ticket Income $82,960
Luxury Box -- Attendance: 1000 (100.00%) -- Ticket Income $199,000
Game was played at the Honda Center.
Total Attendance: 17149 (99.85%)
Total Ticket Income: $1,514,810
Other Income: $227,222
Total Income: $1,742,032

% Time on Ice - Panthers

Lines # - Real PCT - Wanted PCT - Time Play
Normal Forward
1 - 39% - 40% - 19:52
2 - 32% - 30% - 16:09
3 - 20% - 20% - 10:12
4 - 10% - 10% - 5:01
Normal Defense
1 - 40% - 40% - 20:25
2 - 37% - 35% - 18:44
3 - 22% - 20% - 11:25
4 - 1% - 5% - 0:40
PP Forward
1 - 49% - 60% - 3:54
2 - 51% - 40% - 3:59
PP Defense
1 - 56% - 60% - 4:26
2 - 44% - 40% - 3:27
PK Forward
1 - 0% - 50%
2 - 0% - 50%
PK Defense
1 - 0% - 60%
2 - 0% - 40%
PK3 Forward
1 - 0% - 60%
2 - 0% - 40%
PK3 Defense
1 - 0% - 60%
2 - 0% - 40%
44 Forward
1 - 0% - 60%
2 - 0% - 40%
44 Defense
1 - 0% - 60%
2 - 0% - 40%
Last Minute Offensive  - 0:00
Last Minute Defensive  - 0:53
Total
Forward - 60:00
Defense - 60:00

% Time on Ice - Ducks

Lines # - Real PCT - Wanted PCT - Time Play
Normal Forward
1 - 30% - 31% - 15:35
2 - 31% - 31% - 15:48
3 - 32% - 31% - 16:21
4 - 7% - 7% - 3:30
Normal Defense
1 - 38% - 39% - 19:17
2 - 36% - 37% - 18:21
3 - 25% - 24% - 12:46
4 - 2% - 0% - 0:50
PP Forward
1 - 0% - 57%
2 - 0% - 43%
PP Defense
1 - 0% - 57%
2 - 0% - 43%
PK Forward
1 - 60% - 57% - 4:45
2 - 40% - 43% - 3:08
PK Defense
1 - 53% - 57% - 4:09
2 - 47% - 43% - 3:44
PK3 Forward
1 - 0% - 60%
2 - 0% - 40%
PK3 Defense
1 - 0% - 57%
2 - 0% - 43%
44 Forward
1 - 0% - 50%
2 - 0% - 50%
44 Defense
1 - 0% - 50%
2 - 0% - 50%
Last Minute Offensive  - 0:53
Last Minute Defensive  - 0:00
Total
Forward - 60:00
Defense - 60:00

Play by Play

1st period


0:01 of 1st period - Artem Anisimov wins face-off versus Claude Giroux in neutral zone.
0:03 of 1st period - Off-side.
0:04 of 1st period - Joe Thornton wins face-off versus Bobby Ryan in neutral zone.
0:37 of 1st period - Shot by Brandon Dubinsky.
0:37 of 1st period - Shot Blocked by Danny DeKeyser.
0:49 of 1st period - Shot by Joe Thornton.
0:49 of 1st period - Shot Misses the Net.
1:19 of 1st period - Shot by Patrick Kane.
1:19 of 1st period - Shot Misses the Net.
1:23 of 1st period - Shot by Patrick Kane.
1:23 of 1st period - Stopped by Semyon Varlamov without a rebound.
1:24 of 1st period - Claude Giroux wins face-off versus Jori Lehtera in Ducks zone.
1:24 of 1st period - Claude Giroux is hit by Tomas Hertl.
2:04 of 1st period - Shot by Tomas Hertl.
2:04 of 1st period - Shot Misses the Net.
3:49 of 1st period - Icing by Mike Richards.
3:50 of 1st period - Joe Thornton wins face-off versus Mike Richards in Ducks zone.
4:10 of 1st period - Shot by Vladimir Tarasenko.
4:10 of 1st period - Shot Misses the Net.
4:12 of 1st period - Shot by Alexey Marchenko.
4:12 of 1st period - Shot Hit the Post.
4:31 of 1st period - Shot by Pavel Datsyuk.
4:31 of 1st period - Shot Blocked by Travis Hamonic.
5:26 of 1st period - Shot by Mark Scheifele.
5:26 of 1st period - Shot Misses the Net.
6:45 of 1st period - Wayne Simmonds is hit by Trevor van Riemsdyk and loses puck.
6:55 of 1st period - Icing by Trevor van Riemsdyk.
6:56 of 1st period - Jori Lehtera wins face-off versus Eric Nystrom in Panthers zone.
6:56 of 1st period - Jori Lehtera is hit by Boone Jenner.
7:04 of 1st period - Shot by Tomas Hertl.
7:04 of 1st period - Stopped by Semyon Varlamov without a rebound.
7:05 of 1st period - Jordan Staal wins face-off versus Joe Thornton in Ducks zone.
7:20 of 1st period - Eric Nystrom is hit by Pavel Datsyuk and loses puck.
7:32 of 1st period - Jordan Staal is hit by Jacob Trouba and loses puck.
8:06 of 1st period - Minor Penalty to Erik Johnson for Hooking.
8:07 of 1st period - Jori Lehtera wins face-off versus Jordan Staal in Ducks zone.
8:07 of 1st period - Patrick Kane is hit by Andrei Markov and loses puck.
8:10 of 1st period - Shot by Justin Braun.
8:10 of 1st period - Shot Blocked by Andrei Markov.
8:16 of 1st period - Shot by Nikolaj Ehlers.
8:16 of 1st period - Stopped by Semyon Varlamov without a rebound.
8:17 of 1st period - Joe Thornton wins face-off versus Jordan Staal in Ducks zone.
8:37 of 1st period - Icing by T.J. Brodie.
8:38 of 1st period - Jordan Staal wins face-off versus Joe Thornton in Panthers zone.
9:41 of 1st period - Shot by Danny DeKeyser.
9:41 of 1st period - Shot Misses the Net.
9:51 of 1st period - Shot by Patrick Kane.
9:51 of 1st period - Stopped by Semyon Varlamov without a rebound.
9:52 of 1st period - Mark Scheifele wins face-off versus Jori Lehtera in Ducks zone.
10:13 of 1st period - Travis Hamonic is hit by Ryan Carter and loses puck.
10:31 of 1st period - Pierre-Edouard Bellemare is hit by Travis Hamonic and loses puck.
10:34 of 1st period - Shot by Riley Nash.
10:34 of 1st period - Shot Blocked by Claude Giroux.
10:36 of 1st period - Shot by Danny DeKeyser.
10:36 of 1st period - Stopped by Semyon Varlamov without a rebound.
10:37 of 1st period - Mark Scheifele wins face-off versus Jori Lehtera in Ducks zone.
10:47 of 1st period - Shot by Mark Scheifele.
10:47 of 1st period - Shot Misses the Net.
10:49 of 1st period - Shot by Erik Johnson.
10:49 of 1st period - Shot Blocked by Jori Lehtera.
10:53 of 1st period - Shot by Brandon Dubinsky.
10:53 of 1st period - Shot Misses the Net.
11:00 of 1st period - Brandon Dubinsky is hit by Justin Braun and loses puck.
11:16 of 1st period - Shot by Andrei Markov.
11:16 of 1st period - Stopped by Marc-Andre Fleury with a rebound.
11:18 of 1st period - Shot by Mark Scheifele.
11:18 of 1st period - Stopped by Marc-Andre Fleury with a rebound.
11:20 of 1st period - Shot by Erik Johnson.
11:20 of 1st period - Shot Blocked by T.J. Brodie.
11:49 of 1st period - Icing by Alexey Marchenko.
11:50 of 1st period - Artem Anisimov wins face-off versus Claude Giroux in Panthers zone.
12:10 of 1st period - Patrick Kane is hit by Travis Hamonic and loses puck.
12:16 of 1st period - Icing by Aaron Ekblad.
12:17 of 1st period - Joe Thornton wins face-off versus Claude Giroux in Ducks zone.
12:20 of 1st period - Shot by Vladimir Tarasenko.
12:20 of 1st period - Stopped by Semyon Varlamov without a rebound.
12:21 of 1st period - Joe Thornton wins face-off versus Jordan Staal in Ducks zone.
12:35 of 1st period - Shot by Boone Jenner.
12:35 of 1st period - Deflect By Eric Nystrom.
12:35 of 1st period - Shot Hit the Post.
12:37 of 1st period - Shot by Eric Nystrom.
12:37 of 1st period - Stopped by Marc-Andre Fleury without a rebound.
12:38 of 1st period - Artem Anisimov wins face-off versus Mark Scheifele in Panthers zone.
12:38 of 1st period - Patrick Kane is hit by Brandon Dubinsky and loses puck.
13:00 of 1st period - Shot by Mark Scheifele.
13:00 of 1st period - Stopped by Marc-Andre Fleury without a rebound.
13:01 of 1st period - Joe Thornton wins face-off versus Claude Giroux in Panthers zone.
13:14 of 1st period - Shot by Pavel Datsyuk.
13:14 of 1st period - Shot Misses the Net.
13:16 of 1st period - Shot by Danny DeKeyser.
13:16 of 1st period - Shot Misses the Net.
13:18 of 1st period - Shot by Joe Thornton.
13:18 of 1st period - Stopped by Semyon Varlamov without a rebound.
13:19 of 1st period - Jordan Staal wins face-off versus Artem Anisimov in Ducks zone.
13:24 of 1st period - Justin Braun is hit by Jordan Staal and loses puck.
13:33 of 1st period - Shot by Artem Anisimov.
13:33 of 1st period - Stopped by Semyon Varlamov with a rebound.
13:35 of 1st period - Shot by Justin Braun.
13:35 of 1st period - Stopped by Semyon Varlamov without a rebound.
13:36 of 1st period - Claude Giroux wins face-off versus Pavel Datsyuk in Ducks zone.
14:57 of 1st period - Icing by Justin Braun.
14:58 of 1st period - Artem Anisimov wins face-off versus Bobby Ryan in Panthers zone.
15:30 of 1st period - Shot by Travis Hamonic.
15:30 of 1st period - Stopped by Marc-Andre Fleury with a rebound.
15:32 of 1st period - Shot by Brandon Dubinsky.
15:32 of 1st period - Stopped by Marc-Andre Fleury with a rebound.
15:34 of 1st period - Shot by Mark Scheifele.
15:34 of 1st period - Stopped by Marc-Andre Fleury without a rebound.
15:35 of 1st period - Jordan Staal wins face-off versus Joe Thornton in Panthers zone.
15:44 of 1st period - Shot by Boone Jenner.
15:44 of 1st period - Stopped by Marc-Andre Fleury without a rebound.
15:45 of 1st period - Jori Lehtera wins face-off versus Jordan Staal in Panthers zone.
16:19 of 1st period - Shot by Jori Lehtera.
16:19 of 1st period - Shot Blocked by Colton Parayko.
16:36 of 1st period - Jordan Staal is hit by T.J. Brodie and loses puck.
17:03 of 1st period - Brandon Dubinsky is hit by Justin Braun and loses puck.
17:22 of 1st period - Shot by Bobby Ryan.
17:22 of 1st period - Shot Blocked by T.J. Brodie.
17:38 of 1st period - Shot by Wayne Simmonds.
17:38 of 1st period - Shot Hit the Post.
17:48 of 1st period - Shot by Wayne Simmonds.
17:48 of 1st period - Stopped by Marc-Andre Fleury with a rebound.
18:18 of 1st period - Justin Braun is hit by Wayne Simmonds and loses puck.
18:41 of 1st period - Shot by Mike Richards.
18:41 of 1st period - Shot Misses the Net.
Goals for this period are 0 for Panthers vs 0 for Ducks.
Shots for this period are 9 for Panthers vs 9 for Ducks.

2nd period


0:01 of 2nd period - Mark Scheifele wins face-off versus Artem Anisimov in neutral zone.
0:14 of 2nd period - Shot by Patrick Kane.
0:14 of 2nd period - Goal by Patrick Kane - Panthers : 1 - Ducks : 0.
0:15 of 2nd period - Jori Lehtera wins face-off versus Boone Jenner in neutral zone.
0:33 of 2nd period - Shot by Jori Lehtera.
0:33 of 2nd period - Shot Blocked by Travis Hamonic.
0:35 of 2nd period - Shot by Jori Lehtera.
0:35 of 2nd period - Shot Misses the Net.
0:37 of 2nd period - Shot by Joakim Nordstrom.
0:37 of 2nd period - Stopped by Semyon Varlamov without a rebound.
0:38 of 2nd period - Mark Scheifele wins face-off versus Artem Anisimov in Ducks zone.
0:46 of 2nd period - Icing by Andrei Markov.
0:47 of 2nd period - Mark Scheifele wins face-off versus Artem Anisimov in Ducks zone.
0:54 of 2nd period - Shot by Brandon Dubinsky.
0:54 of 2nd period - Stopped by Marc-Andre Fleury without a rebound.
0:55 of 2nd period - Mark Scheifele wins face-off versus Nikolaj Ehlers in Panthers zone.
1:20 of 2nd period - Shot by Patrick Kane.
1:20 of 2nd period - Shot Blocked by Andrei Markov.
1:22 of 2nd period - Shot by Patrick Kane.
1:22 of 2nd period - Shot Misses the Net.
1:25 of 2nd period - Patrick Kane is hit by Erik Johnson and loses puck.
1:30 of 2nd period - Shot by Patrick Kane.
1:30 of 2nd period - Stopped by Semyon Varlamov without a rebound.
1:31 of 2nd period - Claude Giroux wins face-off versus Jori Lehtera in Ducks zone.
1:49 of 2nd period - Icing by T.J. Brodie.
1:50 of 2nd period - Jori Lehtera wins face-off versus Jordan Staal in Panthers zone.
2:25 of 2nd period - Shot by Joakim Nordstrom.
2:25 of 2nd period - Shot Misses the Net.
3:30 of 2nd period - Shot by Pavel Datsyuk.
3:30 of 2nd period - Shot Blocked by Erik Johnson.
3:32 of 2nd period - Shot by Alexey Marchenko.
3:32 of 2nd period - Shot Misses the Net.
3:34 of 2nd period - Shot by Vladimir Tarasenko.
3:34 of 2nd period - Stopped by Semyon Varlamov without a rebound.
3:35 of 2nd period - Mark Scheifele wins face-off versus Pierre-Edouard Bellemare in Ducks zone.
3:50 of 2nd period - Shot by Pierre-Edouard Bellemare.
3:50 of 2nd period - Deflect By Riley Nash.
3:50 of 2nd period - Shot Misses the Net.
3:52 of 2nd period - Shot by Riley Nash.
3:52 of 2nd period - Stopped by Semyon Varlamov with a rebound.
4:09 of 2nd period - Shot by Pierre-Edouard Bellemare.
4:09 of 2nd period - Shot Misses the Net.
5:01 of 2nd period - Shot by Eric Nystrom.
5:01 of 2nd period - Stopped by Marc-Andre Fleury with a rebound.
5:03 of 2nd period - Shot by Boone Jenner.
5:03 of 2nd period - Stopped by Marc-Andre Fleury without a rebound.
5:04 of 2nd period - Artem Anisimov wins face-off versus Claude Giroux in Panthers zone.
5:10 of 2nd period - Off-side.
5:11 of 2nd period - Artem Anisimov wins face-off versus Claude Giroux in neutral zone.
5:19 of 2nd period - Icing by Andrei Markov.
5:20 of 2nd period - Artem Anisimov wins face-off versus Claude Giroux in Ducks zone.
5:31 of 2nd period - Shot by Artem Anisimov.
5:31 of 2nd period - Stopped by Semyon Varlamov without a rebound.
5:32 of 2nd period - Pavel Datsyuk wins face-off versus Mark Scheifele in Ducks zone.
5:32 of 2nd period - Vladimir Tarasenko is hit by Travis Hamonic and loses puck.
5:47 of 2nd period - Shot by Brandon Dubinsky.
5:47 of 2nd period - Stopped by Marc-Andre Fleury without a rebound.
5:48 of 2nd period - Artem Anisimov wins face-off versus Jordan Staal in Panthers zone.
5:55 of 2nd period - Icing by Andrei Markov.
5:56 of 2nd period - Artem Anisimov wins face-off versus Jordan Staal in Ducks zone.
6:23 of 2nd period - Shot by Eric Nystrom.
6:23 of 2nd period - Stopped by Marc-Andre Fleury without a rebound.
6:24 of 2nd period - Joe Thornton wins face-off versus Mark Scheifele in Panthers zone.
6:24 of 2nd period - Minor Penalty to Brandon Dubinsky for Slashing.
6:25 of 2nd period - Pavel Datsyuk wins face-off versus Jordan Staal in Ducks zone.
7:07 of 2nd period - Icing by Vladimir Tarasenko.
7:08 of 2nd period - Joe Thornton wins face-off versus Jordan Staal in Panthers zone.
7:59 of 2nd period - Shot by Patrick Kane.
7:59 of 2nd period - Deflect By Jori Lehtera.
7:59 of 2nd period - Shot Misses the Net.
8:01 of 2nd period - Shot by Jori Lehtera.
8:01 of 2nd period - Shot Misses the Net.
8:03 of 2nd period - Shot by Justin Braun.
8:03 of 2nd period - Shot Misses the Net.
8:05 of 2nd period - Shot by Jori Lehtera.
8:05 of 2nd period - Stopped by Semyon Varlamov without a rebound.
8:06 of 2nd period - Jordan Staal wins face-off versus Jori Lehtera in Ducks zone.
8:39 of 2nd period - Shot by Riley Nash.
8:39 of 2nd period - Shot Blocked by Travis Hamonic.
8:41 of 2nd period - Shot by Jacob Trouba.
8:41 of 2nd period - Shot Misses the Net.
8:43 of 2nd period - Shot by Pierre-Edouard Bellemare.
8:43 of 2nd period - Shot Misses the Net.
8:45 of 2nd period - Shot by Pierre-Edouard Bellemare.
8:45 of 2nd period - Stopped by Semyon Varlamov without a rebound.
8:46 of 2nd period - Joakim Nordstrom wins face-off versus Mark Scheifele in Ducks zone.
8:49 of 2nd period - Shot by Jori Lehtera.
8:49 of 2nd period - Shot Misses the Net.
9:16 of 2nd period - Shot by Brandon Dubinsky.
9:16 of 2nd period - Stopped by Marc-Andre Fleury without a rebound.
9:17 of 2nd period - Jordan Staal wins face-off versus Artem Anisimov in Panthers zone.
10:01 of 2nd period - Artem Anisimov is hit by Roman Polak.
10:44 of 2nd period - Shot by Pavel Datsyuk.
10:44 of 2nd period - Deflect By Joe Thornton.
10:44 of 2nd period - Stopped by Semyon Varlamov without a rebound.
10:45 of 2nd period - Mark Scheifele wins face-off versus Jori Lehtera in Ducks zone.
10:56 of 2nd period - Shot by Brandon Dubinsky.
10:56 of 2nd period - Shot Hit the Post.
10:58 of 2nd period - Shot by Brandon Dubinsky.
10:58 of 2nd period - Stopped by Marc-Andre Fleury without a rebound.
10:59 of 2nd period - Pierre-Edouard Bellemare wins face-off versus Mike Richards in Panthers zone.
11:24 of 2nd period - Shot by Riley Nash.
11:24 of 2nd period - Stopped by Semyon Varlamov without a rebound.
11:25 of 2nd period - Mark Scheifele wins face-off versus Artem Anisimov in Ducks zone.
11:40 of 2nd period - Shot by Brandon Dubinsky.
11:40 of 2nd period - Shot Misses the Net.
11:48 of 2nd period - Shot by Patrick Kane.
11:48 of 2nd period - Stopped by Semyon Varlamov without a rebound.
11:49 of 2nd period - Claude Giroux wins face-off versus Joe Thornton in Ducks zone.
13:03 of 2nd period - Shot by Bobby Ryan.
13:03 of 2nd period - Goal by Bobby Ryan - Panthers : 1 - Ducks : 1.
13:04 of 2nd period - Jordan Staal wins face-off versus Artem Anisimov in neutral zone.
13:40 of 2nd period - Patrick Kane is hit by Roman Polak.
14:32 of 2nd period - Shot by Brandon Dubinsky.
14:32 of 2nd period - Stopped by Marc-Andre Fleury without a rebound.
14:33 of 2nd period - Pierre-Edouard Bellemare wins face-off versus Claude Giroux in Panthers zone.
14:38 of 2nd period - Travis Hamonic is hit by Ryan Carter and loses puck.
14:53 of 2nd period - Shot by Pierre-Edouard Bellemare.
14:53 of 2nd period - Stopped by Semyon Varlamov without a rebound.
14:54 of 2nd period - Mike Richards wins face-off versus Joe Thornton in Ducks zone.
15:11 of 2nd period - Off-side.
15:12 of 2nd period - Jori Lehtera wins face-off versus Claude Giroux in neutral zone.
15:26 of 2nd period - Shot by Joakim Nordstrom.
15:26 of 2nd period - Stopped by Semyon Varlamov without a rebound.
15:27 of 2nd period - Artem Anisimov wins face-off versus Mark Scheifele in Ducks zone.
15:44 of 2nd period - Shot by Artem Anisimov.
15:44 of 2nd period - Shot Blocked by Andrei Markov.
15:58 of 2nd period - Shot by Nikolaj Ehlers.
15:58 of 2nd period - Stopped by Semyon Varlamov without a rebound.
15:59 of 2nd period - Joe Thornton wins face-off versus Claude Giroux in Ducks zone.
16:36 of 2nd period - Shot by Vladimir Tarasenko.
16:36 of 2nd period - Deflect By Pavel Datsyuk.
16:36 of 2nd period - Shot Blocked by Travis Hamonic.
16:38 of 2nd period - Shot by Pavel Datsyuk.
16:38 of 2nd period - Shot Blocked by Travis Hamonic.
16:41 of 2nd period - Minor Penalty to Travis Hamonic for Hooking.
16:42 of 2nd period - Jordan Staal wins face-off versus Jori Lehtera in Ducks zone.
18:01 of 2nd period - Shot by Danny DeKeyser.
18:01 of 2nd period - Shot Misses the Net.
18:03 of 2nd period - Shot by Joe Thornton.
18:03 of 2nd period - Stopped by Semyon Varlamov without a rebound.
18:04 of 2nd period - Joe Thornton wins face-off versus Jordan Staal in Ducks zone.
19:10 of 2nd period - Off-side.
19:11 of 2nd period - Artem Anisimov wins face-off versus Mark Scheifele in neutral zone.
19:11 of 2nd period - Artem Anisimov is hit by Brandon Dubinsky.
19:14 of 2nd period - Off-side.
19:15 of 2nd period - Artem Anisimov wins face-off versus Jordan Staal in neutral zone.
19:36 of 2nd period - Shot by Patrick Kane.
19:36 of 2nd period - Shot Misses the Net.
19:38 of 2nd period - Shot by Patrick Kane.
19:38 of 2nd period - Stopped by Semyon Varlamov without a rebound.
19:39 of 2nd period - Jori Lehtera wins face-off versus Mark Scheifele in Ducks zone.
19:44 of 2nd period - Shot by Tomas Hertl.
19:44 of 2nd period - Shot Blocked by Travis Hamonic.
Goals for this period are 1 for Panthers vs 1 for Ducks.
Shots for this period are 16 for Panthers vs 9 for Ducks.

3rd period


0:01 of 3rd period - Artem Anisimov wins face-off versus Jordan Staal in neutral zone.
0:09 of 3rd period - Jordan Staal is hit by Justin Braun and loses puck.
0:12 of 3rd period - Shot by Erik Johnson.
0:12 of 3rd period - Stopped by Marc-Andre Fleury without a rebound.
0:13 of 3rd period - Mark Scheifele wins face-off versus Joe Thornton in Panthers zone.
0:29 of 3rd period - Brandon Dubinsky is hit by Pavel Datsyuk and loses puck.
0:42 of 3rd period - Shot by Pavel Datsyuk.
0:42 of 3rd period - Shot Misses the Net.
0:44 of 3rd period - Shot by Pavel Datsyuk.
0:44 of 3rd period - Shot Blocked by Travis Hamonic.
0:46 of 3rd period - Shot by Danny DeKeyser.
0:46 of 3rd period - Shot Misses the Net.
0:48 of 3rd period - Shot by Pavel Datsyuk.
0:48 of 3rd period - Stopped by Semyon Varlamov without a rebound.
0:49 of 3rd period - Jordan Staal wins face-off versus Artem Anisimov in Ducks zone.
1:56 of 3rd period - Tomas Hertl is hit by Erik Johnson and loses puck.
2:38 of 3rd period - Icing by Travis Hamonic.
2:39 of 3rd period - Claude Giroux wins face-off versus Joe Thornton in Ducks zone.
2:50 of 3rd period - Shot by Phil Kessel.
2:50 of 3rd period - Stopped by Marc-Andre Fleury without a rebound.
2:51 of 3rd period - Nikolaj Ehlers wins face-off versus Mark Scheifele in Panthers zone.
3:02 of 3rd period - Shot by Patrick Kane.
3:02 of 3rd period - Shot Blocked by Colton Parayko.
4:20 of 3rd period - Icing by Trevor van Riemsdyk.
4:21 of 3rd period - Mike Richards wins face-off versus Joe Thornton in Panthers zone.
4:30 of 3rd period - Shot by Mikhail Grigorenko.
4:30 of 3rd period - Stopped by Marc-Andre Fleury without a rebound.
4:31 of 3rd period - Jori Lehtera wins face-off versus Jordan Staal in Panthers zone.
4:31 of 3rd period - Jacob Trouba is hit by Boone Jenner and loses puck.
4:44 of 3rd period - Shot by Boone Jenner.
4:44 of 3rd period - Shot Blocked by Jacob Trouba.
4:50 of 3rd period - Shot by Jordan Staal.
4:50 of 3rd period - Stopped by Marc-Andre Fleury without a rebound.
4:51 of 3rd period - Mark Scheifele wins face-off versus Nikolaj Ehlers in Panthers zone.
5:21 of 3rd period - T.J. Brodie is hit by Brandon Dubinsky.
6:31 of 3rd period - Shot by Claude Giroux.
6:31 of 3rd period - Stopped by Marc-Andre Fleury without a rebound.
6:32 of 3rd period - Jordan Staal wins face-off versus Jori Lehtera in Panthers zone.
6:32 of 3rd period - Jordan Staal is hit by Jacob Trouba.
6:58 of 3rd period - Shot by Jordan Staal.
6:58 of 3rd period - Shot Misses the Net.
7:00 of 3rd period - Shot by Roman Polak.
7:00 of 3rd period - Stopped by Marc-Andre Fleury without a rebound.
7:01 of 3rd period - Mike Richards wins face-off versus Artem Anisimov in Panthers zone.
7:04 of 3rd period - Shot by Mikhail Grigorenko.
7:04 of 3rd period - Stopped by Marc-Andre Fleury without a rebound.
7:05 of 3rd period - Artem Anisimov wins face-off versus Claude Giroux in Panthers zone.
8:19 of 3rd period - Icing by Danny DeKeyser.
8:20 of 3rd period - Mark Scheifele wins face-off versus Joe Thornton in Panthers zone.
8:30 of 3rd period - Shot by Mark Scheifele.
8:30 of 3rd period - Deflect By Bobby Ryan.
8:30 of 3rd period - Shot Misses the Net.
8:44 of 3rd period - Shot by Brandon Dubinsky.
8:44 of 3rd period - Stopped by Marc-Andre Fleury with a rebound.
9:14 of 3rd period - Jordan Staal is hit by Pavel Datsyuk and loses puck.
9:23 of 3rd period - Danny DeKeyser is hit by Boone Jenner and loses puck.
9:31 of 3rd period - Shot by Jordan Staal.
9:31 of 3rd period - Stopped by Marc-Andre Fleury without a rebound.
9:32 of 3rd period - Claude Giroux wins face-off versus Jori Lehtera in Panthers zone.
9:45 of 3rd period - Shot by Wayne Simmonds.
9:45 of 3rd period - Stopped by Marc-Andre Fleury without a rebound.
9:46 of 3rd period - Artem Anisimov wins face-off versus Jordan Staal in Panthers zone.
10:51 of 3rd period - Shot by Joakim Nordstrom.
10:51 of 3rd period - Stopped by Semyon Varlamov without a rebound.
10:52 of 3rd period - Mark Scheifele wins face-off versus Pierre-Edouard Bellemare in Ducks zone.
11:44 of 3rd period - Jacob Trouba is hit by Brandon Dubinsky and loses puck.
11:48 of 3rd period - Icing by Jori Lehtera.
11:49 of 3rd period - Claude Giroux wins face-off versus Jori Lehtera in Panthers zone.
11:50 of 3rd period - Shot by Wayne Simmonds.
11:50 of 3rd period - Stopped by Marc-Andre Fleury without a rebound.
11:51 of 3rd period - Artem Anisimov wins face-off versus Claude Giroux in Panthers zone.
12:14 of 3rd period - Icing by Wayne Simmonds.
12:15 of 3rd period - Joe Thornton wins face-off versus Phil Kessel in Ducks zone.
12:29 of 3rd period - Shot by Phil Kessel.
12:29 of 3rd period - Stopped by Marc-Andre Fleury without a rebound.
12:30 of 3rd period - Jordan Staal wins face-off versus Patrick Kane in Panthers zone.
12:44 of 3rd period - Icing by Justin Braun.
12:45 of 3rd period - Artem Anisimov wins face-off versus Mark Scheifele in Panthers zone.
12:45 of 3rd period - Artem Anisimov is hit by Brandon Dubinsky.
13:01 of 3rd period - Shot by Patrick Kane.
13:01 of 3rd period - Shot Misses the Net.
13:11 of 3rd period - Shot by Patrick Kane.
13:11 of 3rd period - Stopped by Semyon Varlamov without a rebound.
13:12 of 3rd period - Jori Lehtera wins face-off versus Claude Giroux in Ducks zone.
13:17 of 3rd period - Shot by Tomas Hertl.
13:17 of 3rd period - Stopped by Semyon Varlamov without a rebound.
13:18 of 3rd period - Jori Lehtera wins face-off versus Claude Giroux in Ducks zone.
13:30 of 3rd period - Phil Kessel is hit by Danny DeKeyser and loses puck.
13:47 of 3rd period - Shot by Wayne Simmonds.
13:47 of 3rd period - Shot Blocked by Danny DeKeyser.
13:49 of 3rd period - Shot by Aaron Ekblad.
13:49 of 3rd period - Stopped by Marc-Andre Fleury without a rebound.
13:50 of 3rd period - Jordan Staal wins face-off versus Artem Anisimov in Panthers zone.
14:05 of 3rd period - Shot by Nikolaj Ehlers.
14:05 of 3rd period - Shot Misses the Net.
14:10 of 3rd period - Patrick Kane is hit by Erik Johnson and loses puck.
15:45 of 3rd period - Shot by Wayne Simmonds.
15:45 of 3rd period - Stopped by Marc-Andre Fleury without a rebound.
15:46 of 3rd period - Jori Lehtera wins face-off versus Mike Richards in Panthers zone.
15:50 of 3rd period - Off-side.
15:51 of 3rd period - Jori Lehtera wins face-off versus Claude Giroux in neutral zone.
16:12 of 3rd period - Shot by Phil Kessel.
16:12 of 3rd period - Stopped by Marc-Andre Fleury without a rebound.
16:13 of 3rd period - Jordan Staal wins face-off versus Artem Anisimov in Panthers zone.
16:29 of 3rd period - Icing by Boone Jenner.
16:30 of 3rd period - Joe Thornton wins face-off versus Boone Jenner in Ducks zone.
17:10 of 3rd period - Minor Penalty to Brandon Dubinsky for Roughing.
17:11 of 3rd period - Jordan Staal wins face-off versus Jori Lehtera in Ducks zone.
17:15 of 3rd period - Off-side.
17:16 of 3rd period - Jori Lehtera wins face-off versus Mike Richards in neutral zone.
17:16 of 3rd period - Jori Lehtera is hit by Mike Richards.
19:06 of 3rd period - Shot by Pavel Datsyuk.
19:06 of 3rd period - Goal by Pavel Datsyuk - Panthers : 2 - Ducks : 1.
19:07 of 3rd period - Pavel Datsyuk wins face-off versus Claude Giroux in neutral zone.
19:12 of 3rd period - Shot by T.J. Brodie.
19:12 of 3rd period - Shot Misses the Net.
19:28 of 3rd period - Shot by Joakim Nordstrom.
19:28 of 3rd period - Shot Misses the Net.
19:54 of 3rd period - Ducks, Semyon Varlamov is pulled from the net.
Goals for this period are 1 for Panthers vs 0 for Ducks.
Shots for this period are 5 for Panthers vs 15 for Ducks.